AAA
OTTAWA BEAVERS @ PORTSMOUTH ATLANTICS
05/09/2060
 
TOP OF THE 1ST
Ottawa Beavers batting - Pitching for Portsmouth Atlantics : RHP Kentavious Saldana
Pitching: RHP Kentavious Saldana
Batting: RHB Jeff DeLong 0-0: Ball
1-0: SINGLE (Groundball, 6MD, EV 97.5 MPH)
Batting: RHB Julius Simpson 0-0: Foul Ball, location: 2F
0-1: Swinging Strike
0-2: Ball
1-2: Fly out, F4 (Popup, 4, EV 76.9 MPH)
Batting: LHB Wyatt Ludwig 0-0: Ball
1-0: Ball
2-0: Called Strike
2-1: Ball
3-1: Called Strike
3-2: Foul Ball, location: 2F
3-2: Strikes out swinging
Jeff DeLong steals 2nd, throwing error, E2
Jeff DeLong to third
Batting: LHB Cole Tester 0-0: Called Strike
0-1: Called Strike
0-2: Foul Ball, location: 2F
0-2: Ground out 4-3 (Groundball, 4, EV 108.8 MPH)
Top of the 1st over - 0 runs, 1 hit, 1 error, 1 left on base; Ottawa 0 - Portsmouth 0
BOTTOM OF THE 1ST
Portsmouth Atlantics batting - Pitching for Ottawa Beavers : RHP Jace Yager
Pitching: RHP Jace Yager
Batting: RHB Kris McKay 0-0: Ball
1-0: Ball
2-0: Ground out 5-3 (Groundball, 56, EV 86.9 MPH)
Batting: RHB Jericho Gurgenidze 0-0: Swinging Strike
0-1: Fly out, F3 (Popup, 34, EV 76.2 MPH)
Batting: LHB Samir Zogjani 0-0: Ball
1-0: Foul Ball, location: 2F
1-1: Called Strike
1-2: Ball
2-2: Ball
3-2: Strikes out swinging
Bottom of the 1st over - 0 runs, 0 hits, 0 errors, 0 left on base; Ottawa 0 - Portsmouth 0
TOP OF THE 2ND
Ottawa Beavers batting - Pitching for Portsmouth Atlantics : RHP Kentavious Saldana
Batting: RHB Carlos Kinney 0-0: Ball
1-0: Ground out 5-3 (Groundball, 56S, EV 85.0 MPH)
Batting: RHB Phillip Cummings 0-0: Called Strike
0-1: SINGLE (Groundball, 6MD, EV 97.5 MPH)
Batting: SHB Jim Arvin 0-0: Ball
1-0: Foul Ball, location: 2F
1-1: Swinging Strike
1-2: Foul Ball, location: 2F
1-2: Fly out, F9 (Line Drive, 9D, EV 90.6 MPH)
Batting: SHB Darren Clark 0-0: Called Strike
0-1: Ground out 1-3 (Groundball, 23, EV 67.5 MPH)
Top of the 2nd over - 0 runs, 1 hit, 0 errors, 1 left on base; Ottawa 0 - Portsmouth 0
BOTTOM OF THE 2ND
Portsmouth Atlantics batting - Pitching for Ottawa Beavers : RHP Jace Yager
Batting: SHB Semaj Ramirez 0-0: SINGLE (Line Drive, 8RS, EV 99.4 MPH)
Batting: RHB Jayson Hart 0-0: Ball
1-0: Fly out, F3 (Popup, 3, EV 76.2 MPH)
Batting: SHB Henry Dunbar 0-0: Ball
1-0: Fly out, F6 (Line Drive, 6M, EV 60.6 MPH)
Batting: RHB Justen Brown 0-0: Ball
1-0: Foul Ball, location: 2F
1-1: Swinging Strike
1-2: Strikes out swinging
Bottom of the 2nd over - 0 runs, 1 hit, 0 errors, 1 left on base; Ottawa 0 - Portsmouth 0
TOP OF THE 3RD
Ottawa Beavers batting - Pitching for Portsmouth Atlantics : RHP Kentavious Saldana
Batting: RHB Trent Gianopulos 0-0: Foul Ball, location: 2F
0-1: Ground out 5-3 (Groundball, 56, EV 85.0 MPH)
Batting: RHB Jeff DeLong 0-0: Ball
1-0: Called Strike
1-1: Ball
2-1: Foul Ball, location: 2F
2-2: Foul Ball, location: 2F
2-2: Foul Ball, location: 2F
2-2: Foul Ball, location: 2F
2-2: DOUBLE (Line Drive, 9LM, EV 105.0 MPH)
Batting: RHB Julius Simpson 0-0: Called Strike
0-1: SINGLE (Groundball, 6M, EV 105.6 MPH) (infield hit)
Jeff DeLong to third
Batting: LHB Wyatt Ludwig 0-0: Called Strike
Julius Simpson is caught stealing 2nd base 2-6
0-1: Foul Ball, location: 2F
0-2: Strikes out looking
Top of the 3rd over - 0 runs, 2 hits, 0 errors, 1 left on base; Ottawa 0 - Portsmouth 0
BOTTOM OF THE 3RD
Portsmouth Atlantics batting - Pitching for Ottawa Beavers : RHP Jace Yager
Batting: RHB Liam Walker 0-0: Ball
1-0: Called Strike
1-1: Ball
2-1: Called Strike
2-2: Ground out 6-3 (Groundball, 6S, EV 80.0 MPH)
Batting: RHB Darius Brown 0-0: Called Strike
0-1: Called Strike
0-2: Ball
1-2: Ball
2-2: Strikes out looking
Batting: RHB Kris McKay 0-0: Called Strike
0-1: Ball
1-1: Ball
2-1: Reached on error, E5 (Groundball, 56, EV 78.8 MPH)
Batting: RHB Jericho Gurgenidze 0-0: Called Strike
0-1: Ball
1-1: Fly out, F8 (Flyball, 8LM, EV 91.2 MPH)
Bottom of the 3rd over - 0 runs, 0 hits, 1 error, 1 left on base; Ottawa 0 - Portsmouth 0
TOP OF THE 4TH
Ottawa Beavers batting - Pitching for Portsmouth Atlantics : RHP Kentavious Saldana
Batting: LHB Cole Tester 0-0: Ball
1-0: Called Strike
1-1: SOLO HOME RUN (Line Drive, 89XD, EV 103.1 MPH), Distance : 398 ft
Batting: RHB Carlos Kinney 0-0: Ball
1-0: Ball
2-0: Swinging Strike
2-1: SINGLE (Flyball, 8LS, EV 91.9 MPH)
Batting: RHB Phillip Cummings 0-0: Ball
1-0: Swinging Strike
1-1: Ball
2-1: DOUBLE (Flyball, 89D, EV 103.8 MPH)
Carlos Kinney to third
Batting: SHB Jim Arvin 0-0: Fly out, F7 (Line Drive, 7D, EV 103.8 MPH)
Runner from 3rd tags up, SCORES, throw by LF
Batting: SHB Darren Clark 0-0: Ball
1-0: Swinging Strike
1-1: Swinging Strike
1-2: Ball
2-2: Foul Ball, location: 2F
2-2: Fly out, F7 (Line Drive, 7S, EV 95.0 MPH)
Batting: RHB Trent Gianopulos 0-0: Called Strike
0-1: Swinging Strike
0-2: Fly out, F8 (Flyball, 8LM, EV 79.4 MPH)
Top of the 4th over - 2 runs, 3 hits, 0 errors, 1 left on base; Ottawa 2 - Portsmouth 0
BOTTOM OF THE 4TH
Portsmouth Atlantics batting - Pitching for Ottawa Beavers : RHP Jace Yager
Batting: LHB Samir Zogjani 0-0: Ball
1-0: Fly out, F8 (Flyball, 8RM, EV 78.1 MPH)
Batting: SHB Semaj Ramirez 0-0: Ball
1-0: Ball
2-0: Ball
3-0: Base on Balls
Batting: RHB Jayson Hart 0-0: Fielders Choice at 2nd, 1-4 (Groundball, 15S, EV 73.1 MPH)
Batting: SHB Henry Dunbar 0-0: Ball
1-0: Foul Ball, location: 2F
1-1: Swinging Strike
1-2: Strikes out looking
Bottom of the 4th over - 0 runs, 0 hits, 0 errors, 1 left on base; Ottawa 2 - Portsmouth 0
TOP OF THE 5TH
Ottawa Beavers batting - Pitching for Portsmouth Atlantics : RHP Kentavious Saldana
Pitching: LHP Ed Bytheway
Batting: RHB Jeff DeLong 0-0: Ball
1-0: Called Strike
1-1: Foul Ball, location: 2F
1-2: Foul Ball, location: 2F
1-2: Fly out, F9 (Flyball, 9, EV 98.8 MPH)
Batting: RHB Julius Simpson 0-0: Ground out 5-3 (Groundball, 56, EV 105.0 MPH)
Batting: LHB Wyatt Ludwig 0-0: Called Strike
0-1: Foul Ball, location: 2F
0-2: Ball
1-2: Ball
2-2: Ball
3-2: Fly out, F6 (Flyball, 6D, EV 93.8 MPH)
Top of the 5th over - 0 runs, 0 hits, 0 errors, 0 left on base; Ottawa 2 - Portsmouth 0
BOTTOM OF THE 5TH
Portsmouth Atlantics batting - Pitching for Ottawa Beavers : RHP Jace Yager
Batting: RHB Justen Brown 0-0: Ball
1-0: Ball
2-0: Foul Ball, location: 2F
2-1: Ball
3-1: Called Strike
3-2: Strikes out looking
Batting: RHB Liam Walker 0-0: Called Strike
0-1: Ball
1-1: Ball
2-1: Fly out, F9 (Flyball, 89M, EV 88.1 MPH)
Batting: RHB Darius Brown 0-0: Ball
1-0: Ball
2-0: Called Strike
2-1: Called Strike
2-2: Strikes out swinging
Bottom of the 5th over - 0 runs, 0 hits, 0 errors, 0 left on base; Ottawa 2 - Portsmouth 0
TOP OF THE 6TH
Ottawa Beavers batting - Pitching for Portsmouth Atlantics : LHP Ed Bytheway
Batting: LHB Cole Tester 0-0: Ball
1-0: Foul Ball, location: 2F
1-1: Fly out, F7 (Flyball, 7, EV 82.5 MPH)
Batting: RHB Carlos Kinney 0-0: Ball
1-0: Ball
2-0: Foul Ball, location: 2F
2-1: Fly out, F7 (Flyball, 7D, EV 97.5 MPH)
Batting: RHB Phillip Cummings 0-0: Ball
1-0: DOUBLE (Line Drive, 3D, EV 96.2 MPH)
Batting: SHB Jim Arvin 0-0: Ball
1-0: Swinging Strike
1-1: Ball
2-1: Foul Ball, location: 2F
2-2: Foul Ball, location: 2F
2-2: Ball
3-2: Foul Ball, location: 2F
3-2: Foul Ball, location: 2F
3-2: 2-RUN HOME RUN (Flyball, 7D, EV 101.9 MPH), Distance : 382 ft
Batting: SHB Darren Clark 0-0: Fly out, F8 (Flyball, 89M, EV 86.2 MPH)
Top of the 6th over - 2 runs, 2 hits, 0 errors, 0 left on base; Ottawa 4 - Portsmouth 0
BOTTOM OF THE 6TH
Portsmouth Atlantics batting - Pitching for Ottawa Beavers : RHP Jace Yager
Batting: RHB Kris McKay 0-0: Ball
1-0: Ball
2-0: Called Strike
2-1: Called Strike
2-2: Strikes out swinging
Batting: RHB Jericho Gurgenidze 0-0: SINGLE (Groundball, 6MD, EV 107.5 MPH)
Batting: LHB Samir Zogjani 0-0: Called Strike
0-1: Ball
1-1: Called Strike
1-2: SINGLE (Line Drive, 4D, EV 100.0 MPH)
Jericho Gurgenidze to second
Runner from 2nd tries for 3rd, SAFE, throw by RF made to third
Batting: SHB Semaj Ramirez 0-0: Called Strike
0-1: Swinging Strike
0-2: Ball
1-2: Strikes out swinging
Batting: RHB Jayson Hart 0-0: Fly out, F9 (Line Drive, 9S, EV 97.5 MPH)
Bottom of the 6th over - 0 runs, 2 hits, 0 errors, 2 left on base; Ottawa 4 - Portsmouth 0
TOP OF THE 7TH
Ottawa Beavers batting - Pitching for Portsmouth Atlantics : LHP Ed Bytheway
Batting: RHB Trent Gianopulos 0-0: Called Strike
0-1: Ball
1-1: Foul Ball, location: 2F
1-2: TRIPLE (Line Drive, 89XD, EV 108.1 MPH)
Pitching: RHP Joshua Businelle
Batting: RHB Jeff DeLong 0-0: Ball
1-0: Foul Ball, location: 2F
1-1: Ground out 3-1 (Groundball, 34, EV 88.1 MPH)
Trent Gianopulos scores
Batting: RHB Julius Simpson 0-0: Called Strike
0-1: Ball
1-1: Swinging Strike
1-2: Ball
2-2: Strikes out swinging
Batting: LHB Wyatt Ludwig 0-0: Foul Ball, location: 2F
0-1: SINGLE (Groundball, 34D, EV 106.2 MPH)
Batting: LHB Cole Tester 0-0: Called Strike
0-1: Ball
1-1: Called Strike
1-2: Foul Ball, location: 2F
1-2: Ground out 4-3 (Groundball, 4, EV 102.5 MPH)
Top of the 7th over - 1 run, 2 hits, 0 errors, 1 left on base; Ottawa 5 - Portsmouth 0
BOTTOM OF THE 7TH
Portsmouth Atlantics batting - Pitching for Ottawa Beavers : RHP Jace Yager
Batting: SHB Henry Dunbar 0-0: Swinging Strike
0-1: Ball
1-1: Ball
2-1: Foul Ball, location: 2F
2-2: Ball
3-2: Strikes out swinging
Batting: RHB Justen Brown 0-0: Ball
1-0: Foul Ball, location: 2F
1-1: Ground out 6-3 (Groundball, 6, EV 90.6 MPH)
Batting: RHB Liam Walker 0-0: Called Strike
0-1: Ball
1-1: Ground out 4-3 (Groundball, 4, EV 104.4 MPH)
Bottom of the 7th over - 0 runs, 0 hits, 0 errors, 0 left on base; Ottawa 5 - Portsmouth 0
TOP OF THE 8TH
Ottawa Beavers batting - Pitching for Portsmouth Atlantics : RHP Joshua Businelle
Batting: RHB Carlos Kinney 0-0: Ball
1-0: Ball
2-0: Called Strike
2-1: Called Strike
2-2: Ball
3-2: Strikes out swinging
Batting: RHB Phillip Cummings 0-0: Ball
1-0: Called Strike
1-1: Ball
2-1: Swinging Strike
2-2: SINGLE (Groundball, 3D, EV 105.0 MPH)
Batting: SHB Jim Arvin 0-0: Swinging Strike
0-1: Called Strike
0-2: Foul Ball, location: 2F
0-2: Ball
1-2: Strikes out swinging
Batting: SHB Darren Clark 0-0: Ball
Phillip Cummings steals 2nd base
1-0: Ball
2-0: Ball
3-0: Called Strike
3-1: Foul Ball, location: 2F
3-2: Foul Ball, location: 2F
3-2: SINGLE (Groundball, 4M, EV 109.4 MPH) (infield hit)
Phillip Cummings to third
Batting: RHB Trent Gianopulos 0-0: Called Strike
0-1: Ground out 4-3 (Groundball, 4, EV 85.6 MPH)
Top of the 8th over - 0 runs, 2 hits, 0 errors, 2 left on base; Ottawa 5 - Portsmouth 0
BOTTOM OF THE 8TH
Portsmouth Atlantics batting - Pitching for Ottawa Beavers : RHP Jace Yager
Batting: RHB Darius Brown 0-0: Called Strike
0-1: Ball
1-1: Called Strike
1-2: Strikes out swinging, 2-3 out at first.
Pitching: RHP Maxim Chet
Batting: RHB Kris McKay 0-0: Foul Ball, location: 2F
0-1: Fly out, F7 (Flyball, 7D, EV 96.2 MPH)
Batting: RHB Jericho Gurgenidze 0-0: Fly out, F8 (Flyball, 8LS, EV 81.2 MPH)
Bottom of the 8th over - 0 runs, 0 hits, 0 errors, 0 left on base; Ottawa 5 - Portsmouth 0
TOP OF THE 9TH
Ottawa Beavers batting - Pitching for Portsmouth Atlantics : RHP Joshua Businelle
Pitching: RHP Samuel Holroyd
Batting: RHB Jeff DeLong 0-0: Foul Ball, location: 2F
0-1: Ball
1-1: Ball
2-1: Ball
3-1: Foul Ball, location: 2F
3-2: Fly out, F3 (Line Drive, 3L, EV 71.2 MPH)
Batting: RHB Julius Simpson 0-0: Ball
1-0: Ball
2-0: Called Strike
2-1: SINGLE (Flyball, 4MD, EV 88.1 MPH)
Batting: LHB Wyatt Ludwig 0-0: Foul Ball, location: 2F
0-1: Called Strike
Julius Simpson is caught stealing 2nd base 2-6
0-2: Ball
1-2: Foul Ball, location: 2F
1-2: Ball
2-2: Foul Ball, location: 2F
2-2: SINGLE (Line Drive, 3D, EV 100.6 MPH)
Batting: LHB Cole Tester 0-0: DOUBLE (Flyball, 89D, EV 93.1 MPH)
Wyatt Ludwig to third
Runner from 3rd tries for Home, SAFE, throw by RF to trailing runner, OUT at third! 9-3-5
Top of the 9th over - 1 run, 3 hits, 0 errors, 0 left on base; Ottawa 6 - Portsmouth 0
BOTTOM OF THE 9TH
Portsmouth Atlantics batting - Pitching for Ottawa Beavers : RHP Maxim Chet
Batting: LHB Samir Zogjani 0-0: Called Strike
0-1: Ball
1-1: Ball
2-1: Foul Ball, location: 2F
2-2: Strikes out swinging
Batting: SHB Semaj Ramirez 0-0: Fly out, F9 (Flyball, 89D, EV 107.5 MPH)
Batting: RHB Jayson Hart 0-0: DOUBLE (Flyball, 8RXD, EV 93.1 MPH)
Batting: SHB Henry Dunbar 0-0: Ball
1-0: Ball
2-0: 2-RUN HOME RUN (Line Drive, 9D, EV 101.2 MPH), Distance : 399 ft
Batting: RHB Justen Brown 0-0: Called Strike
0-1: SINGLE (Flyball, 78S, EV 86.2 MPH)
Batting: RHB Liam Walker 0-0: Called Strike
0-1: Ball
1-1: Ground out 4-3 (Groundball, 34, EV 81.2 MPH)
Bottom of the 9th over - 2 runs, 3 hits, 0 errors, 1 left on base; Ottawa 6 - Portsmouth 2
Monday, April 29th , 2024 - OOTP Baseball 23.10 Build 110